[ AOE2 MATCH · #473461668 ]
Team RMTurks vs Britons
[ REPLAY ANALYSIS · EXTRACTED FROM THE RECORDED GAME ]
Feudal
15:29
Castle
19:52
Imperial
24:02
| APM avg | 10.8 |
| APM peak | 21 |
| eAPM avg | 7.9 |
| Villagers / military | 59 / 42 |
Focus
⚔️ 18.9% · 🌾 81.1%
Hand Cannoneer ×37 · Spearman ×2 · Bombard Cannon ×2 · Monk ×1
Feudal
13:40
Castle
19:04
Imperial
35:30
| APM avg | 25.8 |
| APM peak | 62 |
| eAPM avg | 15.5 |
| Villagers / military | 150 / 212 |
Focus
⚔️ 33.3% · 🌾 66.7%
Skirmisher ×118 · Spearman ×84 · Knight ×7 · Trebuchet (Packed) ×2 · Teutonic Knight ×1
Feudal
11:19
Castle
16:50
Imperial
37:38
| APM avg | 27.6 |
| APM peak | 78 |
| eAPM avg | 13.7 |
| Villagers / military | 214 / 91 |
Focus
⚔️ 19.8% · 🌾 80.2%
Knight ×81 · Mangonel ×3 · Battering Ram ×2 · Spearman ×2 · Monk ×2 · Trebuchet (Packed) ×1
Feudal
10:33
Castle
19:16
Imperial
37:10
| APM avg | 31.1 |
| APM peak | 67 |
| eAPM avg | 20.7 |
| Villagers / military | 121 / 123 |
Focus
⚔️ 19.5% · 🌾 80.5%
Knight ×59 · Skirmisher ×44 · Spearman ×20
Feudal
11:21
Castle
14:52
Imperial
28:14
| APM avg | 33.4 |
| APM peak | 84 |
| eAPM avg | 20.5 |
| Villagers / military | 141 / 136 |
Focus
⚔️ 34.4% · 🌾 65.6%
Chakram Thrower ×66 · Shrivamsha Rider ×39 · Camel Scout ×20 · Bombard Cannon ×10 · Monk ×1
Feudal
—
Castle
—
Imperial
—
| APM avg | 22.2 |
| APM peak | 51 |
| eAPM avg | 14.0 |
| Villagers / military | 95 / 156 |
Focus
⚔️ 26.6% · 🌾 73.4%
Spearman ×74 · Longbowman ×44 · Skirmisher ×35 · Trade Cart ×10 · Trebuchet (Packed) ×2 · Monk ×1
Match map
Initial resources + every placement click. Lines = walls · curves = elevation contours. ◆ gold · ⬟ stone · ● berries · ✦ relic · ◌ wall gap
Your base· ✓ Closed at 19:52 · 0t walls · 3 gate(s)
TR MY's base· ✓ Closed at 19:04 · 0t walls · 3 gate(s)
mikrethor's base· ✓ Closed at 16:50 · 0t walls · 4 gate(s)
TR TlHsn <3's base· ✓ Closed at 19:16 · 0t walls · 2 gate(s)
Geni's base· ✓ Closed at 14:52 · 0t walls · 2 gate(s)
dfsdfsdaa3's base· ✓ Closed at 13:51 · 0t walls · 3 gate(s)
Smoothed initial terrain · ◌ = detected wall gap · hover for details
Inputs per minute
— TR LY - - TR MY
Build order — TR LY
136 actions detected in the replay
| 0:03 | Create | Villager (Male) |
| 0:05 | Build | House |
| 0:08 | Build | House |
| 0:09 | Create | Villager (Male) |
| 0:10 | Create | Villager (Male) |
| 0:10 | Create | Villager (Male) |
| 1:40 | Create | Villager (Male) |
| 2:05 | Create | Villager (Male) |
| 2:19 | Create | Villager (Male) |
| 3:07 | Create | Villager (Male) |
| 3:08 | Create | Villager (Male) |
| 3:14 | Build | House |
| 3:18 | Build | House |
| 3:27 | Build | Lumber Camp |
| 4:38 | Create | Villager (Male) |
| 4:39 | Create | Villager (Male) |
| 4:39 | Create | Villager (Male) |
| 5:34 | Create | Villager (Male) |
| 6:00 | Create | Villager (Male) |
| 6:01 | Create | Villager (Male) |
| 6:01 | Create | Villager (Male) |
| 6:18 | Create | Villager (Male) |
| 6:27 | Build | Mining Camp |
| 7:03 | Create | Villager (Male) |
| 7:04 | Create | Villager (Male) |
| 7:04 | Create | Villager (Male) |
| 7:47 | Create | Villager (Male) |
| 8:11 | Create | Villager (Male) |
| 8:12 | Create | Villager (Male) |
| 8:12 | Create | Villager (Male) |
| 8:21 | Create | Villager (Male) |
| 9:29 | Build | House |
| 9:33 | Build | House |
| 9:48 | Build | House |
| 10:05 | Build | Mill |
| 10:08 | Create | Villager (Male) |
| 10:08 | Create | Villager (Male) |
| 10:09 | Create | Villager (Male) |
| 10:10 | Create | Villager (Male) |
| 10:11 | Create | Villager (Male) |
| 10:27 | Create | Villager (Male) |
| 10:27 | Create | Villager (Male) |
| 10:28 | Create | Villager (Male) |
| 10:41 | Create | Villager (Male) |
| 11:16 | Build | Farm |
| 11:17 | Build | Farm |
| 11:18 | Build | Farm |
| 11:19 | Build | Farm |
| 11:20 | Build | Farm |
| 11:21 | Build | Farm |
| 11:21 | Build | Farm |
| 12:11 | Build | Farm |
| 12:13 | Build | Farm |
| 13:06 | Research | Feudal Age |
| 13:59 | Create | Villager (Male) |
| 13:59 | Create | Villager (Male) |
| 14:33 | Build | House |
| 14:38 | Build | House |
| 14:56 | Build | Farm |
| 15:01 | Build | Farm |
| 15:29 | Age | Feudal Age |
| 15:44 | Build | Blacksmith |
| 15:58 | Build | Market |
| 16:18 | Create | Villager (Male) |
| 16:21 | Research | Loom |
| 16:48 | Create | Villager (Male) |
| 17:10 | Research | Castle Age |
| 17:28 | Build | Farm |
| 17:29 | Build | Farm |
| 17:29 | Build | Farm |
| 17:30 | Build | Farm |
| 18:00 | Build | Farm |
| 18:04 | Create | Villager (Male) |
| 18:06 | Create | Villager (Male) |
| 18:13 | Build | Farm |
| 18:29 | Build | House |
| 19:52 | Age | Castle Age |
| 19:59 | Build | Siege Workshop |
| 20:06 | Build | Monastery |
| 20:14 | Create | Villager (Male) |
| 20:25 | Build | Mining Camp |
| 20:43 | Build | Barracks |
| 20:48 | Create | Monk |
| 20:50 | Research | Imperial Age |
| 21:11 | Research | Double-Bit Axe |
| 22:43 | Build | Archery Range |
| 23:03 | Create | Spearman |
| 23:03 | Create | Spearman |
| 24:02 | Age | Imperial Age |
| 24:04 | Build | Archery Range |
| 24:12 | Create | Bombard Cannon |
| 24:24 | Create | Hand Cannoneer ×5 |
| 24:35 | Create | Villager (Male) |
| 24:35 | Create | Villager (Male) |
| 24:36 | Create | Villager (Male) |
| 24:46 | Create | Villager (Male) |
| 24:47 | Create | Villager (Male) |
| 25:07 | Create | Bombard Cannon |
| 25:19 | Create | Hand Cannoneer ×5 |
| 25:26 | Create | Hand Cannoneer |
| 26:21 | Create | Hand Cannoneer ×3 |
| 26:21 | Create | Hand Cannoneer ×3 |
| 26:29 | Create | Villager (Male) |
| 26:54 | Research | Padded Archer Armor |
| 27:09 | Create | Hand Cannoneer ×4 |
| 27:16 | Build | House |
| 27:21 | Build | House |
| 27:25 | Build | House |
| 27:38 | Research | Gold Mining |
| 27:51 | Create | Hand Cannoneer ×3 |
| 28:06 | Build | Farm |
| 28:29 | Create | Hand Cannoneer ×3 |
| 29:13 | Create | Hand Cannoneer ×4 |
| 29:22 | Build | Gate |
| 30:08 | Create | Hand Cannoneer ×3 |
| 30:09 | Create | Hand Cannoneer ×3 |
| 34:32 | Build | Town Center |
| 36:39 | Build | Town Center |
| 36:41 | Create | Villager (Male) |
| 36:42 | Create | Villager (Male) |
| 37:20 | Build | Farm |
| 37:46 | Build | Farm |
| 37:53 | Create | Villager (Male) |
| 38:19 | Create | Villager (Male) |
| 38:26 | Build | Farm |
| 38:30 | Create | Villager (Male) |
| 38:38 | Create | Villager (Male) |
| 38:38 | Create | Villager (Male) |
| 38:47 | Create | Villager (Male) |
| 39:02 | Build | Farm |
| 39:24 | Build | Farm |
| 39:26 | Create | Villager (Male) |
| 39:45 | Build | Farm |
| 39:49 | Create | Villager (Male) |
| 39:50 | Create | Villager (Male) |
| 39:53 | Create | Villager (Male) |
Build order — TR MY
First 150 of 282 actions detected
| 0:01 | Create | Villager (Male) |
| 0:02 | Build | House |
| 0:04 | Build | House |
| 0:05 | Create | Villager (Male) |
| 0:05 | Create | Villager (Male) |
| 0:05 | Create | Villager (Male) |
| 1:18 | Create | Villager (Male) |
| 1:45 | Create | Villager (Male) |
| 2:21 | Create | Villager (Male) |
| 2:33 | Create | Villager (Male) |
| 2:36 | Build | Lumber Camp |
| 2:50 | Create | Villager (Male) |
| 3:14 | Create | Villager (Male) |
| 3:19 | Build | House |
| 3:23 | Build | House |
| 3:39 | Create | Villager (Male) |
| 4:13 | Create | Villager (Male) |
| 4:15 | Create | Villager (Male) |
| 4:33 | Create | Villager (Male) |
| 4:57 | Create | Villager (Male) |
| 5:21 | Create | Villager (Male) |
| 6:11 | Create | Villager (Male) |
| 6:12 | Create | Villager (Male) |
| 6:23 | Build | Mining Camp |
| 6:28 | Create | Villager (Male) |
| 6:58 | Create | Villager (Male) |
| 6:59 | Create | Villager (Male) |
| 8:01 | Create | Villager (Male) |
| 8:01 | Create | Villager (Male) |
| 8:02 | Create | Villager (Male) |
| 8:18 | Build | Mining Camp |
| 8:22 | Build | Mill |
| 8:52 | Research | Loom |
| 8:55 | Research | Loom |
| 8:56 | Create | Villager (Male) |
| 8:56 | Create | Villager (Male) |
| 9:00 | Build | House |
| 9:00 | Build | House |
| 9:52 | Create | Villager (Male) |
| 10:30 | Create | Villager (Male) |
| 10:55 | Create | Villager (Male) |
| 11:30 | Research | Feudal Age |
| 11:53 | Build | Farm |
| 11:54 | Build | Farm |
| 11:54 | Build | Farm |
| 11:54 | Build | Farm |
| 11:54 | Build | Farm |
| 11:56 | Build | Farm |
| 11:57 | Build | Farm |
| 12:08 | Build | Farm |
| 13:33 | Create | Villager (Male) |
| 13:40 | Age | Feudal Age |
| 13:44 | Research | Double-Bit Axe |
| 13:46 | Research | Horse Collar |
| 13:50 | Research | Wheelbarrow |
| 14:12 | Build | Farm |
| 14:19 | Build | Market |
| 14:26 | Build | Blacksmith |
| 14:49 | Build | Farm |
| 14:49 | Build | Farm |
| 14:49 | Build | Farm |
| 14:50 | Build | Farm |
| 15:12 | Build | House |
| 15:15 | Build | House |
| 15:16 | Build | House |
| 15:28 | Create | Villager (Male) |
| 15:46 | Build | House |
| 15:47 | Build | House |
| 15:48 | Build | House |
| 15:54 | Create | Villager (Male) |
| 15:59 | Build | Farm |
| 16:24 | Research | Castle Age |
| 16:42 | Build | Barracks |
| 17:19 | Build | Farm |
| 18:48 | Create | Villager (Male) |
| 19:04 | Age | Castle Age |
| 19:11 | Build | Town Center |
| 19:23 | Build | Castle |
| 19:34 | Build | Town Center |
| 19:52 | Build | Town Center |
| 19:59 | Create | Villager (Male) |
| 19:59 | Create | Villager (Male) |
| 20:07 | Create | Villager (Male) |
| 20:08 | Create | Villager (Male) |
| 20:35 | Build | Farm |
| 20:43 | Create | Villager (Male) |
| 20:43 | Create | Villager (Male) |
| 20:43 | Create | Villager (Male) |
| 20:44 | Create | Villager (Male) |
| 20:45 | Create | Villager (Male) |
| 20:46 | Create | Villager (Male) |
| 20:47 | Create | Villager (Male) |
| 20:48 | Create | Villager (Male) |
| 21:00 | Research | Forging |
| 21:00 | Research | Scale Mail Armor |
| 21:00 | Research | Scale Mail Armor |
| 21:08 | Create | Villager (Male) |
| 21:09 | Create | Villager (Male) |
| 21:10 | Create | Villager (Male) |
| 21:32 | Create | Villager (Male) |
| 21:33 | Create | Villager (Male) |
| 21:33 | Create | Villager (Male) |
| 21:53 | Create | Villager (Male) ×3 |
| 21:53 | Create | Villager (Male) ×3 |
| 22:01 | Build | Farm |
| 22:01 | Build | Farm |
| 22:02 | Build | Farm |
| 22:02 | Build | Farm |
| 22:02 | Build | Farm |
| 22:18 | Create | Villager (Male) ×3 |
| 22:21 | Create | Villager (Male) |
| 22:21 | Create | Villager (Male) |
| 22:46 | Build | Stable |
| 22:48 | Build | Stable |
| 22:52 | Create | Teutonic Knight |
| 22:58 | Create | Villager (Male) ×2 |
| 23:30 | Create | Villager (Male) ×3 |
| 23:30 | Create | Villager (Male) ×4 |
| 23:37 | Build | Farm |
| 23:37 | Build | Farm |
| 23:37 | Build | Farm |
| 23:38 | Build | Farm |
| 23:38 | Build | Farm |
| 23:38 | Build | Farm |
| 23:39 | Build | Farm |
| 23:39 | Build | Farm |
| 23:39 | Build | Farm |
| 23:41 | Build | Farm |
| 23:41 | Build | Farm |
| 23:59 | Build | Farm |
| 24:02 | Build | Farm |
| 24:05 | Create | Knight ×3 |
| 24:10 | Create | Knight |
| 24:34 | Build | Barracks |
| 24:35 | Build | Barracks |
| 24:37 | Build | Barracks |
| 24:42 | Create | Villager (Male) ×4 |
| 24:42 | Create | Villager (Male) ×4 |
| 24:57 | Create | Villager (Male) ×2 |
| 24:57 | Create | Villager (Male) ×2 |
| 25:23 | Create | Villager (Male) ×5 |
| 25:23 | Create | Villager (Male) ×5 |
| 25:39 | Create | Villager (Male) ×4 |
| 25:39 | Create | Villager (Male) ×4 |
| 26:17 | Create | Villager (Male) ×5 |
| 26:17 | Create | Villager (Male) ×3 |
| 26:42 | Build | Archery Range |
| 26:43 | Build | Archery Range |
| 26:44 | Build | Archery Range |
| 26:46 | Build | Archery Range |
Build order — mikrethor
First 150 of 302 actions detected
| 0:00 | Create | Villager (Male) |
| 0:00 | Create | Villager (Male) |
| 0:01 | Create | Villager (Male) |
| 0:01 | Create | Villager (Male) |
| 0:01 | Create | Villager (Male) |
| 0:04 | Build | House |
| 0:06 | Build | House |
| 1:27 | Create | Villager (Male) |
| 1:28 | Create | Villager (Male) |
| 2:02 | Create | Villager (Male) |
| 2:20 | Build | Lumber Camp |
| 2:25 | Create | Villager (Male) |
| 2:55 | Create | Villager (Male) |
| 2:55 | Create | Villager (Male) |
| 3:07 | Create | Villager (Male) |
| 3:07 | Create | Villager (Male) |
| 3:44 | Build | Mill |
| 3:52 | Create | Villager (Male) |
| 3:53 | Create | Villager (Male) |
| 3:53 | Create | Villager (Male) |
| 4:02 | Build | House |
| 4:35 | Create | Villager (Male) |
| 4:35 | Create | Villager (Male) |
| 5:20 | Create | Villager (Male) |
| 5:20 | Create | Villager (Male) |
| 5:25 | Create | Villager (Male) |
| 5:26 | Create | Villager (Male) |
| 5:58 | Create | Villager (Male) |
| 6:32 | Build | House |
| 6:39 | Create | Villager (Male) |
| 6:42 | Create | Villager (Male) |
| 6:43 | Create | Villager (Male) |
| 6:43 | Create | Villager (Male) |
| 6:43 | Create | Villager (Male) |
| 6:46 | Create | Villager (Male) |
| 8:32 | Research | Feudal Age |
| 9:03 | Build | Mining Camp |
| 9:23 | Build | Lumber Camp |
| 11:19 | Age | Feudal Age |
| 11:26 | Build | Farm |
| 11:26 | Build | Farm |
| 11:26 | Build | Farm |
| 11:27 | Build | Farm |
| 11:27 | Build | Farm |
| 11:27 | Build | Farm |
| 11:28 | Build | Farm |
| 11:33 | Build | Market |
| 11:37 | Create | Villager (Male) |
| 11:41 | Build | House |
| 11:44 | Research | Double-Bit Axe |
| 12:11 | Build | Blacksmith |
| 12:17 | Create | Villager (Male) |
| 12:31 | Build | Farm |
| 12:49 | Build | Farm |
| 12:55 | Create | Villager (Male) |
| 12:58 | Create | Villager (Male) |
| 12:58 | Create | Villager (Male) |
| 13:06 | Build | Farm |
| 13:11 | Build | House |
| 13:27 | Build | Farm |
| 13:36 | Build | Farm |
| 13:54 | Build | Farm |
| 14:06 | Research | Castle Age |
| 14:22 | Build | Mining Camp |
| 14:40 | Research | Gold Mining |
| 15:40 | Build | Gate |
| 15:47 | Research | Forging |
| 16:50 | Age | Castle Age |
| 16:56 | Create | Villager (Male) |
| 16:57 | Create | Villager (Male) |
| 16:57 | Create | Villager (Male) |
| 16:57 | Create | Villager (Male) |
| 17:02 | Build | Town Center |
| 17:07 | Build | Town Center |
| 17:12 | Research | Wheelbarrow |
| 17:38 | Build | Siege Workshop |
| 17:57 | Create | Villager (Male) ×5 |
| 17:57 | Create | Villager (Male) ×5 |
| 17:57 | Create | Villager (Male) ×5 |
| 18:24 | Build | Farm |
| 18:28 | Build | Farm |
| 18:31 | Create | Villager (Male) ×3 |
| 18:49 | Build | Mill |
| 19:01 | Create | Villager (Male) ×2 |
| 19:35 | Build | Barracks |
| 19:50 | Create | Villager (Male) ×4 |
| 19:50 | Create | Villager (Male) ×4 |
| 19:50 | Create | Villager (Male) ×4 |
| 20:00 | Build | Farm |
| 20:04 | Build | Farm |
| 20:06 | Create | Villager (Male) |
| 20:06 | Create | Villager (Male) |
| 20:06 | Create | Villager (Male) |
| 20:27 | Build | House |
| 20:29 | Build | House |
| 20:33 | Build | House |
| 20:34 | Build | House |
| 20:35 | Build | House |
| 20:37 | Build | House |
| 20:48 | Create | Mangonel |
| 21:01 | Research | Stone Mining |
| 21:16 | Research | Loom |
| 21:16 | Create | Villager (Male) ×2 |
| 21:30 | Create | Battering Ram |
| 21:42 | Create | Spearman |
| 21:43 | Create | Spearman |
| 21:47 | Create | Villager (Male) ×2 |
| 21:48 | Create | Villager (Male) ×2 |
| 22:22 | Build | Monastery |
| 22:27 | Create | Villager (Male) ×5 |
| 22:27 | Create | Villager (Male) ×5 |
| 22:27 | Create | Villager (Male) |
| 22:48 | Create | Mangonel |
| 22:55 | Create | Monk |
| 23:01 | Build | Castle |
| 23:08 | Create | Mangonel |
| 23:09 | Create | Battering Ram |
| 23:09 | Create | Villager (Male) |
| 23:09 | Create | Villager (Male) |
| 23:10 | Create | Villager (Male) |
| 23:10 | Create | Villager (Male) |
| 23:10 | Create | Villager (Male) |
| 23:17 | Build | Farm |
| 23:21 | Build | Farm |
| 23:51 | Build | Castle |
| 24:07 | Build | Stable |
| 24:07 | Build | Stable |
| 24:08 | Build | Stable |
| 24:08 | Build | Stable |
| 24:29 | Research | Hand Cart |
| 24:30 | Create | Villager (Male) ×3 |
| 24:30 | Create | Villager (Male) ×3 |
| 24:34 | Build | House |
| 24:36 | Build | House |
| 24:38 | Build | House |
| 24:39 | Build | House |
| 24:39 | Build | House |
| 25:08 | Build | Stable |
| 25:11 | Create | Knight ×4 |
| 25:11 | Create | Knight ×4 |
| 25:11 | Create | Knight ×4 |
| 25:36 | Research | Squires |
| 25:56 | Build | Stable |
| 25:59 | Create | Villager (Male) ×2 |
| 25:59 | Create | Villager (Male) ×2 |
| 25:59 | Create | Villager (Male) ×2 |
| 26:12 | Research | Husbandry |
| 26:36 | Build | Mill |
| 26:36 | Build | Farm |
| 26:36 | Build | Farm |
Build order — TR TlHsn <3
First 150 of 303 actions detected
| 0:02 | Create | Villager (Male) |
| 0:02 | Create | Villager (Male) |
| 0:02 | Create | Villager (Male) |
| 0:05 | Build | House |
| 0:06 | Build | House |
| 0:07 | Create | Villager (Male) |
| 1:24 | Create | Villager (Male) |
| 2:01 | Create | Villager (Male) |
| 2:15 | Build | Lumber Camp |
| 2:20 | Create | Villager (Male) |
| 2:50 | Create | Villager (Male) |
| 3:05 | Create | Villager (Male) |
| 3:17 | Build | House |
| 3:18 | Build | House |
| 3:39 | Create | Villager (Male) |
| 3:50 | Create | Villager (Male) |
| 4:19 | Create | Villager (Male) |
| 4:37 | Create | Villager (Male) |
| 4:37 | Create | Villager (Male) |
| 5:21 | Create | Villager (Male) |
| 5:21 | Create | Villager (Male) |
| 5:21 | Create | Villager (Male) |
| 5:38 | Create | Villager (Male) |
| 5:39 | Create | Villager (Male) |
| 6:07 | Create | Villager (Male) |
| 6:08 | Create | Villager (Male) |
| 6:13 | Build | Mill |
| 7:09 | Create | Villager (Male) |
| 7:13 | Build | House |
| 7:14 | Build | House |
| 7:14 | Build | House |
| 7:17 | Create | Villager (Male) |
| 7:34 | Create | Villager (Male) |
| 8:00 | Research | Feudal Age |
| 8:14 | Build | Mining Camp |
| 8:20 | Build | Mining Camp |
| 9:12 | Build | Farm |
| 9:12 | Build | Farm |
| 9:12 | Build | Farm |
| 9:35 | Build | Farm |
| 10:01 | Build | Farm |
| 10:13 | Build | Farm |
| 10:33 | Age | Feudal Age |
| 10:35 | Research | Double-Bit Axe |
| 10:40 | Create | Villager (Male) |
| 10:40 | Create | Villager (Male) |
| 10:43 | Create | Villager (Male) |
| 10:46 | Research | Loom |
| 10:55 | Research | Wheelbarrow |
| 11:02 | Create | Villager (Male) |
| 11:05 | Create | Villager (Male) |
| 11:21 | Create | Villager (Male) |
| 11:27 | Build | Farm |
| 11:37 | Build | Farm |
| 11:56 | Create | Villager (Male) |
| 12:06 | Build | Farm |
| 12:59 | Create | Villager (Male) |
| 13:12 | Build | Mining Camp |
| 13:29 | Build | Farm |
| 14:13 | Build | Farm |
| 14:18 | Build | Farm |
| 14:29 | Build | Farm |
| 14:30 | Build | Farm |
| 14:35 | Build | Farm |
| 14:47 | Create | Villager (Male) |
| 14:48 | Create | Villager (Male) |
| 15:16 | Build | Market |
| 15:25 | Create | Villager (Male) |
| 15:28 | Create | Villager (Male) |
| 16:02 | Build | Blacksmith |
| 16:29 | Build | Farm |
| 16:30 | Build | Farm |
| 16:36 | Research | Castle Age |
| 18:14 | Create | Villager (Male) |
| 18:14 | Create | Villager (Male) |
| 18:57 | Research | Stone Mining |
| 18:59 | Research | Gold Mining |
| 19:16 | Age | Castle Age |
| 19:17 | Research | Bow Saw |
| 19:20 | Build | Town Center |
| 19:23 | Build | Town Center |
| 19:52 | Build | Farm |
| 20:07 | Create | Villager (Male) |
| 20:08 | Create | Villager (Male) |
| 20:08 | Create | Villager (Male) |
| 20:09 | Create | Villager (Male) |
| 20:14 | Create | Villager (Male) |
| 20:20 | Create | Villager (Male) |
| 20:26 | Create | Villager (Male) |
| 20:29 | Create | Villager (Male) |
| 20:40 | Create | Villager (Male) |
| 20:42 | Create | Villager (Male) |
| 20:44 | Create | Villager (Male) |
| 20:52 | Create | Villager (Male) |
| 20:58 | Create | Villager (Male) |
| 20:58 | Create | Villager (Male) |
| 21:00 | Create | Villager (Male) |
| 21:08 | Create | Villager (Male) |
| 21:12 | Create | Villager (Male) |
| 21:20 | Create | Villager (Male) |
| 21:39 | Create | Villager (Male) |
| 21:39 | Create | Villager (Male) |
| 21:40 | Create | Villager (Male) |
| 21:49 | Create | Villager (Male) |
| 21:49 | Create | Villager (Male) |
| 21:55 | Research | Hand Cart |
| 21:58 | Create | Villager (Male) |
| 21:59 | Create | Villager (Male) |
| 22:02 | Research | Gold Shaft Mining |
| 22:05 | Create | Villager (Male) |
| 22:09 | Create | Villager (Male) |
| 22:17 | Build | House |
| 22:23 | Build | House |
| 22:34 | Create | Villager (Male) |
| 22:38 | Build | House |
| 22:39 | Build | House |
| 22:44 | Build | House |
| 22:49 | Create | Villager (Male) |
| 22:52 | Build | Mining Camp |
| 22:58 | Build | Barracks |
| 23:26 | Create | Villager (Male) |
| 23:30 | Build | Mining Camp |
| 23:39 | Create | Villager (Male) |
| 23:39 | Create | Villager (Male) |
| 23:45 | Build | Stable |
| 23:46 | Build | Stable |
| 23:47 | Build | Stable |
| 24:00 | Create | Villager (Male) |
| 24:00 | Create | Villager (Male) |
| 24:05 | Create | Villager (Male) |
| 24:16 | Create | Villager (Male) |
| 24:26 | Create | Knight ×3 |
| 24:26 | Create | Knight ×3 |
| 24:35 | Create | Villager (Male) |
| 24:36 | Create | Villager (Male) |
| 24:43 | Build | Farm |
| 24:43 | Build | Farm |
| 24:43 | Build | Farm |
| 24:43 | Build | Farm |
| 24:43 | Build | Farm |
| 24:44 | Build | Farm |
| 24:45 | Build | Farm |
| 24:57 | Build | Farm |
| 24:58 | Create | Villager (Male) |
| 24:58 | Create | Villager (Male) |
| 25:02 | Create | Knight ×5 |
| 25:02 | Create | Knight ×5 |
| 25:05 | Create | Knight |
| 25:24 | Create | Villager (Male) |
| 25:25 | Create | Villager (Male) |
Build order — Geni
First 150 of 329 actions detected
| 0:01 | Create | Villager (Male) ×4 |
| 0:02 | Build | House |
| 0:03 | Build | House |
| 0:44 | Build | Mill |
| 1:04 | Build | House |
| 1:30 | Create | Villager (Male) |
| 2:02 | Create | Villager (Male) |
| 2:22 | Create | Villager (Male) |
| 2:22 | Create | Villager (Male) |
| 2:44 | Create | Villager (Male) |
| 3:10 | Create | Villager (Male) |
| 3:30 | Create | Villager (Male) |
| 3:31 | Create | Villager (Male) |
| 3:56 | Build | Lumber Camp |
| 4:01 | Create | Villager (Male) |
| 4:31 | Create | Villager (Male) |
| 4:31 | Create | Villager (Male) |
| 5:07 | Build | House |
| 5:26 | Create | Villager (Male) |
| 5:26 | Create | Villager (Male) |
| 5:49 | Build | Farm |
| 5:55 | Create | Villager (Male) |
| 5:56 | Create | Villager (Male) |
| 5:56 | Create | Villager (Male) |
| 6:20 | Build | Farm |
| 6:23 | Build | Farm |
| 7:14 | Create | Villager (Male) |
| 7:14 | Create | Villager (Male) |
| 7:49 | Build | Farm |
| 8:00 | Build | House |
| 8:13 | Build | Lumber Camp |
| 8:42 | Create | Villager (Male) |
| 8:44 | Research | Feudal Age |
| 9:27 | Build | Mining Camp |
| 9:48 | Create | Villager (Male) |
| 9:48 | Create | Villager (Male) |
| 11:21 | Age | Feudal Age |
| 11:23 | Build | Market |
| 11:25 | Build | Blacksmith |
| 11:28 | Research | Double-Bit Axe |
| 11:37 | Research | Horse Collar |
| 11:49 | Build | House |
| 11:55 | Build | Farm |
| 12:12 | Research | Castle Age |
| 12:16 | Build | Farm |
| 12:17 | Build | Farm |
| 12:19 | Build | Farm |
| 13:38 | Build | Farm |
| 13:42 | Build | Farm |
| 14:29 | Create | Villager (Male) |
| 14:45 | Build | Farm |
| 14:52 | Age | Castle Age |
| 14:54 | Build | Town Center |
| 14:57 | Build | Town Center |
| 15:05 | Research | Bow Saw |
| 15:07 | Create | Villager (Male) |
| 15:23 | Build | Town Center |
| 15:33 | Create | Villager (Male) |
| 15:34 | Create | Villager (Male) |
| 15:50 | Research | Heavy Plow |
| 15:52 | Create | Villager (Male) |
| 16:21 | Create | Villager (Male) |
| 16:27 | Build | Farm |
| 16:29 | Create | Villager (Male) |
| 16:31 | Build | Farm |
| 16:31 | Create | Villager (Male) |
| 16:35 | Build | Farm |
| 16:37 | Build | Farm |
| 16:44 | Create | Villager (Male) |
| 16:44 | Create | Villager (Male) |
| 16:45 | Create | Villager (Male) |
| 16:47 | Build | Farm |
| 16:55 | Create | Villager (Male) ×5 |
| 16:55 | Create | Villager (Male) ×5 |
| 16:57 | Build | Farm |
| 16:59 | Build | Farm |
| 17:05 | Create | Villager (Male) ×2 |
| 17:09 | Build | Farm |
| 17:12 | Create | Villager (Male) |
| 17:14 | Build | Farm |
| 17:21 | Create | Villager (Male) |
| 17:25 | Build | Farm |
| 17:33 | Build | House |
| 17:37 | Build | House |
| 17:39 | Create | Villager (Male) ×2 |
| 17:40 | Build | Farm |
| 17:42 | Build | Farm |
| 17:49 | Build | Farm |
| 17:52 | Build | Farm |
| 17:54 | Create | Villager (Male) |
| 17:57 | Build | Farm |
| 18:00 | Create | Villager (Male) |
| 18:08 | Create | Villager (Male) |
| 18:13 | Build | Farm |
| 18:15 | Build | Farm |
| 18:17 | Build | Farm |
| 18:18 | Create | Villager (Male) ×2 |
| 18:22 | Build | Farm |
| 18:25 | Build | Farm |
| 18:27 | Create | Villager (Male) |
| 18:33 | Build | Farm |
| 18:36 | Create | Villager (Male) |
| 18:43 | Build | Farm |
| 18:46 | Build | House |
| 18:47 | Build | House |
| 18:50 | Research | Wheelbarrow |
| 18:59 | Create | Villager (Male) |
| 19:05 | Build | Farm |
| 19:06 | Create | Villager (Male) |
| 19:08 | Build | Farm |
| 19:12 | Build | Farm |
| 19:14 | Create | Villager (Male) |
| 19:15 | Create | Villager (Male) |
| 19:17 | Build | Farm |
| 19:19 | Create | Villager (Male) |
| 19:21 | Create | Villager (Male) |
| 19:28 | Create | Villager (Male) |
| 19:31 | Build | Farm |
| 19:35 | Build | House |
| 19:36 | Build | House |
| 19:37 | Create | Villager (Male) |
| 19:39 | Build | Farm |
| 19:42 | Build | Farm |
| 19:43 | Create | Villager (Male) |
| 19:46 | Build | Farm |
| 19:49 | Create | Villager (Male) ×2 |
| 19:52 | Build | Farm |
| 19:56 | Build | Farm |
| 20:02 | Create | Villager (Male) ×3 |
| 20:14 | Build | Farm |
| 20:18 | Build | House |
| 20:19 | Build | House |
| 20:28 | Create | Villager (Male) |
| 20:28 | Create | Villager (Male) |
| 20:28 | Create | Villager (Male) |
| 20:41 | Research | Hand Cart |
| 20:42 | Create | Villager (Male) |
| 20:50 | Build | Farm |
| 20:51 | Create | Villager (Male) ×3 |
| 21:00 | Research | Gold Mining |
| 21:02 | Create | Villager (Male) |
| 21:05 | Build | House |
| 21:06 | Build | House |
| 21:08 | Create | Villager (Male) ×2 |
| 21:18 | Build | Mining Camp |
| 21:28 | Research | Stone Mining |
| 21:30 | Create | Villager (Male) ×5 |
| 21:37 | Build | Mining Camp |
| 21:49 | Create | Villager (Male) ×5 |
| 22:05 | Build | Monastery |
Build order — dfsdfsdaa3
First 150 of 330 actions detected
| 0:01 | Create | Villager (Male) |
| 0:02 | Build | House |
| 0:04 | Build | House |
| 0:16 | Create | Villager (Male) |
| 0:32 | Create | Villager (Male) |
| 0:38 | Create | Villager (Male) |
| 1:20 | Create | Villager (Male) |
| 2:07 | Create | Villager (Male) |
| 2:09 | Create | Villager (Male) |
| 2:52 | Build | Lumber Camp |
| 2:58 | Create | Villager (Male) |
| 3:14 | Create | Villager (Male) |
| 3:28 | Build | House |
| 3:57 | Create | Villager (Male) |
| 3:57 | Create | Villager (Male) |
| 4:01 | Create | Villager (Male) |
| 4:29 | Create | Villager (Male) |
| 4:45 | Create | Villager (Male) |
| 5:06 | Create | Villager (Male) |
| 5:09 | Create | Villager (Male) |
| 5:44 | Create | Villager (Male) |
| 5:53 | Build | House |
| 6:13 | Create | Villager (Male) |
| 6:32 | Build | Mill |
| 6:43 | Create | Villager (Male) |
| 7:05 | Create | Villager (Male) |
| 7:47 | Research | Feudal Age |
| 8:26 | Build | Mining Camp |
| 9:03 | Create | Villager (Male) |
| 9:59 | Create | Villager (Male) |
| 10:00 | Research | Double-Bit Axe |
| 10:01 | Research | Horse Collar |
| 10:13 | Build | House |
| 10:28 | Create | Villager (Male) |
| 10:53 | Build | Farm |
| 10:55 | Create | Villager (Male) |
| 11:01 | Build | Farm |
| 11:12 | Build | Farm |
| 11:18 | Build | Farm |
| 11:29 | Create | Villager (Male) |
| 11:37 | Build | Farm |
| 11:38 | Create | Villager (Male) |
| 11:43 | Build | Farm |
| 11:49 | Build | House |
| 12:10 | Build | Farm |
| 12:12 | Create | Villager (Male) |
| 12:24 | Build | Market |
| 12:35 | Create | Villager (Male) |
| 13:11 | Build | Blacksmith |
| 13:30 | Build | Farm |
| 13:51 | Research | Castle Age |
| 13:56 | Build | Farm |
| 13:58 | Build | Farm |
| 13:58 | Build | Farm |
| 14:14 | Build | Farm |
| 14:19 | Build | Farm |
| 14:46 | Build | House |
| 14:55 | Build | Farm |
| 14:56 | Create | Villager (Male) |
| 15:42 | Build | House |
| 15:45 | Build | House |
| 15:47 | Build | House |
| 15:50 | Create | Villager (Male) |
| 16:23 | Build | Mining Camp |
| 16:34 | Build | Town Center |
| 16:56 | Create | Villager (Male) |
| 16:58 | Research | Bow Saw |
| 17:00 | Research | Heavy Plow |
| 17:24 | Build | Farm |
| 17:44 | Create | Villager (Male) |
| 17:47 | Create | Villager (Male) |
| 17:47 | Create | Villager (Male) |
| 17:49 | Create | Villager (Male) |
| 17:54 | Build | Farm |
| 18:13 | Create | Villager (Male) |
| 18:14 | Create | Villager (Male) |
| 18:15 | Create | Villager (Male) |
| 18:21 | Build | Farm |
| 18:25 | Create | Villager (Male) |
| 18:39 | Build | House |
| 18:44 | Create | Villager (Male) |
| 18:46 | Create | Villager (Male) |
| 18:58 | Build | Monastery |
| 19:30 | Create | Villager (Male) |
| 19:32 | Create | Villager (Male) |
| 19:32 | Create | Villager (Male) |
| 19:39 | Create | Monk |
| 19:46 | Create | Villager (Male) |
| 19:48 | Research | Stone Mining |
| 20:13 | Build | Town Center |
| 20:18 | Create | Villager (Male) |
| 20:28 | Create | Villager (Male) |
| 20:30 | Create | Villager (Male) |
| 20:31 | Create | Villager (Male) |
| 20:53 | Create | Villager (Male) |
| 20:58 | Research | Loom |
| 20:59 | Research | Town Watch |
| 21:00 | Research | Wheelbarrow |
| 21:24 | Create | Villager (Male) |
| 21:25 | Create | Villager (Male) |
| 21:25 | Create | Villager (Male) |
| 21:25 | Create | Villager (Male) |
| 21:28 | Create | Villager (Male) |
| 21:29 | Create | Villager (Male) |
| 21:58 | Build | Farm |
| 22:02 | Create | Villager (Male) |
| 22:12 | Build | Farm |
| 22:12 | Build | Farm |
| 22:15 | Build | Farm |
| 22:28 | Build | Farm |
| 22:51 | Build | Farm |
| 22:53 | Create | Villager (Male) |
| 23:15 | Build | Castle |
| 23:27 | Build | Farm |
| 23:29 | Create | Villager (Male) |
| 23:38 | Build | Farm |
| 23:43 | Build | House |
| 23:44 | Build | House |
| 23:45 | Build | House |
| 23:45 | Build | House |
| 23:45 | Build | House |
| 23:46 | Build | House |
| 23:47 | Build | House |
| 23:57 | Create | Villager (Male) |
| 24:01 | Create | Villager (Male) |
| 24:01 | Create | Villager (Male) |
| 24:05 | Build | House |
| 24:06 | Build | House |
| 24:07 | Build | House |
| 24:09 | Build | House |
| 24:10 | Build | House |
| 24:11 | Build | House |
| 24:12 | Build | House |
| 24:12 | Build | House |
| 24:15 | Build | House |
| 24:17 | Build | House |
| 24:18 | Build | House |
| 24:19 | Build | House |
| 24:21 | Build | House |
| 24:24 | Build | House |
| 24:25 | Build | House |
| 24:26 | Build | House |
| 24:27 | Build | House |
| 24:33 | Build | Farm |
| 24:35 | Build | Farm |
| 24:37 | Create | Villager (Male) |
| 24:37 | Create | Villager (Male) |
| 24:41 | Build | Farm |
| 25:08 | Create | Trade Cart |
| 25:08 | Create | Trade Cart |
Match timeline
| 10:33 | TR TlHsn <3 · age_up feudal |
| 11:19 | mikrethor · age_up feudal |
| 11:21 | Geni · age_up feudal |
| 12:11 | Geni · first_market_sell 100 stone |
| 13:40 | TR MY · age_up feudal |
| 14:03 | mikrethor · first_market_sell 100 wood |
| 14:04 | mikrethor · first_market_buy 100 food |
| 14:52 | Geni · age_up castle |
| 15:29 | TR LY · age_up feudal |
| 16:42 | TR MY · first_building Barracks |
| 16:50 | mikrethor · age_up castle |
| 17:38 | mikrethor · first_building Siege Workshop |
| 18:58 | dfsdfsdaa3 · first_building Monastery |
| 19:04 | TR MY · age_up castle |
| 19:16 | TR TlHsn <3 · age_up castle |
| 19:23 | TR MY · first_building Castle |
| 19:35 | mikrethor · first_building Barracks |
| 19:39 | TR MY · first_market_buy 100 wood |
| 19:46 | TR MY · first_market_sell 100 food |
| 19:51 | TR TlHsn <3 · first_market_buy 100 wood |
| 19:52 | TR LY · age_up castle |
| 19:59 | TR LY · first_building Siege Workshop |
| 20:06 | TR LY · first_building Monastery |
| 20:43 | TR LY · first_building Barracks |
| 22:05 | Geni · first_building Monastery |
| 22:22 | mikrethor · first_building Monastery |
| 22:41 | dfsdfsdaa3 · first_market_sell 100 wood |
| 22:43 | TR LY · first_building Archery Range |
| 22:46 | dfsdfsdaa3 · first_market_buy 100 stone |
| 22:46 | TR MY · first_building Stable |
| 22:58 | TR TlHsn <3 · first_building Barracks |
| 23:01 | mikrethor · first_building Castle |
| 23:07 | Geni · first_building Barracks |
| 23:15 | dfsdfsdaa3 · first_building Castle |
| 23:45 | TR TlHsn <3 · first_building Stable |
| 24:02 | TR LY · age_up imperial |
| 24:02 | Geni · first_building Stable |
| 24:07 | mikrethor · first_building Stable |
| 24:19 | Geni · first_building Castle |
| 24:23 | TR TlHsn <3 · first_market_sell 100 wood |
| 24:33 | Geni · wall_segment Palisade Wall x1 |
| 24:35 | Geni · wall_segment Palisade Wall x1 |
| 24:36 | Geni · wall_segment Palisade Wall x1 |
| 24:39 | Geni · wall_segment Palisade Wall x1 |
| 26:14 | TR TlHsn <3 · first_building Archery Range |
| 26:29 | dfsdfsdaa3 · wall_segment Palisade Wall x1 |
| 26:35 | dfsdfsdaa3 · wall_segment Palisade Wall x1 |
| 26:37 | dfsdfsdaa3 · wall_segment Palisade Wall x1 |
| 26:38 | dfsdfsdaa3 · wall_segment Palisade Wall x1 |
| 26:42 | TR MY · first_building Archery Range |
| 26:42 | dfsdfsdaa3 · wall_segment Palisade Wall x1 |
| 27:33 | TR TlHsn <3 · first_building Castle |
| 28:14 | Geni · age_up imperial |
| 28:24 | Geni · wall_segment Palisade Wall x1 |
| 28:26 | Geni · wall_segment Palisade Wall x1 |
| 28:27 | Geni · wall_segment Palisade Wall x1 |
| 31:08 | dfsdfsdaa3 · first_building Barracks |
| 32:04 | mikrethor · wall_segment Stone Wall x2 |
| 32:08 | mikrethor · wall_segment Stone Wall x1 |
| 33:00 | dfsdfsdaa3 · first_building Archery Range |
| 34:19 | TR TlHsn <3 · tribute_sent a jugador 1 |
| 34:19 | TR TlHsn <3 · tribute_sent a jugador 2 |
| 34:19 | TR TlHsn <3 · tribute_sent a jugador 4 |
| 34:19 | TR TlHsn <3 · tribute_sent a jugador 5 |
| 34:19 | TR TlHsn <3 · tribute_sent a jugador 6 |
| 34:57 | dfsdfsdaa3 · wall_segment Stone Wall x17 |
| 34:58 | Geni · first_building Siege Workshop |
| 35:02 | dfsdfsdaa3 · wall_segment Stone Wall x16 |
| 35:30 | TR MY · age_up imperial |
| 35:58 | TR LY · first_market_sell 100 wood |
| 37:10 | TR TlHsn <3 · age_up imperial |
| 37:38 | mikrethor · age_up imperial |
| 39:55 | TR TlHsn <3 · resign |
[ AI ANALYSIS · 1 CREDIT ]
What really happened in this match?
Wolo.gg analyzes every decision: build order, eco, micro, common mistakes by bracket. Personalized analysis on WhatsApp or Discord in 30 seconds.
Civ guide
Turks
Map guide
Arena
Perfil
TR LY